TOP OF THE 1ST |
District 9 Prawns batting - Pitching for Las Vegas Stars : RHP Thorsten Massuthe
|
Pitching: RHP Thorsten Massuthe
|
|
Batting: LHB Enrique Nalasco
|
0-0: Called Strike 0-1: Ground out U3 (Groundball, 3)
|
Batting: LHB José Contreras
|
0-0: Called Strike 0-1: Ball 1-1: Foul Ball, location: 2F 1-2: Foul Ball, location: 2F 1-2: Ball 2-2: Foul Ball, location: 2F 2-2: Foul Ball, location: 2F 2-2: Foul Ball, location: 2F 2-2: Ball 3-2: Base on Balls
|
Batting: LHB Leland Hardy
|
0-0: Called Strike 0-1: Ball 1-1: Swinging Strike 1-2: Strikes out swinging
|
Batting: SHB Erik Thomas
|
0-0: Ball 1-0: SINGLE (Groundball, 56D) José Contreras to second
|
Batting: LHB Brian Roy
|
0-0: Foul Ball, location: 2F 0-1: Called Strike 0-2: Ball 1-2: Fly out, F6 (Popup, 6D)
|
Top of the 1st over - 0 run(s), 1 hit(s), 0 error(s), 2 left on base; District 9 0 - Las Vegas 0 |
BOTTOM OF THE 1ST |
Las Vegas Stars batting - Pitching for District 9 Prawns : RHP Ángel Polanco
|
Pitching: RHP Ángel Polanco
|
|
Batting: RHB Eric McDaniel
|
0-0: Called Strike 0-1: Ball 1-1: Ball 2-1: SINGLE (Groundball, 34D)
|
Batting: SHB Santiago Farías
|
0-0: Ball 1-0: Swinging Strike 1-1: Grounds into double play, 4-6-3 (Groundball, 4)
|
Batting: RHB Xin Zhang
|
0-0: Ball 1-0: Ball 2-0: Foul Ball, location: 2F 2-1: Fly out, F8 (Line Drive, 8LS)
|
Bottom of the 1st over - 0 run(s), 1 hit(s), 0 error(s), 0 left on base; District 9 0 - Las Vegas 0 |
TOP OF THE 2ND |
District 9 Prawns batting - Pitching for Las Vegas Stars : RHP Thorsten Massuthe
|
Batting: RHB Lateef Makini
|
0-0: Ball 1-0: Called Strike 1-1: Foul Ball, location: 2F 1-2: Foul Ball, location: 2F 1-2: Fly out, F7 (Flyball, 7M)
|
Batting: LHB Jerry Johnston
|
0-0: Swinging Strike 0-1: Ball 1-1: Ball 2-1: Fly out, F8 (Flyball, 78M)
|
Batting: SHB Mark Pope
|
0-0: Ball 1-0: Ground out 5-3 (Groundball, 56)
|
Top of the 2nd over - 0 run(s), 0 hit(s), 0 error(s), 0 left on base; District 9 0 - Las Vegas 0 |
BOTTOM OF THE 2ND |
Las Vegas Stars batting - Pitching for District 9 Prawns : RHP Ángel Polanco
|
Batting: RHB Albert Rodríguez
|
0-0: Ball 1-0: Swinging Strike 1-1: Swinging Strike 1-2: Ball 2-2: Foul Ball, location: 2F 2-2: Ball 3-2: Base on Balls
|
Batting: RHB Ron Shelton
|
0-0: Ball 1-0: Ball 2-0: Called Strike 2-1: Ball 3-1: SINGLE (Groundball, 34D) Albert Rodríguez to second Runner from 2nd tries for 3rd, SAFE, throw made to third
|
Batting: LHB Evan Slootweg
|
0-0: Called Strike 0-1: Swinging Strike 0-2: Ball 1-2: SINGLE (Groundball, 6S) Albert Rodríguez scores Ron Shelton to second
|
Batting: LHB Ricardo Vargas
|
0-0: Ball 1-0: Ball 2-0: Ball 3-0: Called Strike 3-1: Called Strike 3-2: Foul Ball, location: 2F 3-2: Base on Balls Ron Shelton to third Evan Slootweg to second
|
Batting: LHB José Padilla
|
0-0: SINGLE (Flyball, 8LS) Ron Shelton scores Evan Slootweg to third Ricardo Vargas to second
|
Batting: RHB Cole Bradley
|
0-0: Called Strike 0-1: Ball 1-1: Swinging Strike 1-2: Strikes out looking
|
Batting: RHB Eric McDaniel
|
0-0: DOUBLE (Line Drive, 7LS) Evan Slootweg scores Ricardo Vargas scores José Padilla to third Runner from 3rd tries for Home, SAFE, no throw or cutoff
|
Batting: SHB Santiago Farías
|
0-0: Ball 1-0: Fly out, F7 (Flyball, 7S)
|
Batting: RHB Xin Zhang
|
0-0: Called Strike 0-1: Ball 1-1: Foul Ball, location: 2F 1-2: Ball 2-2: Foul Ball, location: 2F 2-2: SINGLE (Line Drive, 8LS) Eric McDaniel to third Runner from 3rd tries for Home, SAFE, no throw or cutoff
|
Batting: RHB Albert Rodríguez
|
0-0: Ball 1-0: Ball 2-0: Called Strike 2-1: Ball Wild Pitch! Xin Zhang to second 3-1: Ground out 5-3 (Groundball, 5L)
|
Bottom of the 2nd over - 6 run(s), 5 hit(s), 0 error(s), 1 left on base; District 9 0 - Las Vegas 6 |
TOP OF THE 3RD |
District 9 Prawns batting - Pitching for Las Vegas Stars : RHP Thorsten Massuthe
|
Batting: RHB Phil Jacobs
|
0-0: Ball 1-0: Called Strike 1-1: Ground out 5-3 (Groundball, 5L)
|
Batting: LHB Enrique Nalasco
|
0-0: Ball 1-0: Fly out, F8 (Flyball, 8RM)
|
Batting: LHB José Contreras
|
0-0: Ground out 4-3 (Groundball, 4)
|
Top of the 3rd over - 0 run(s), 0 hit(s), 0 error(s), 0 left on base; District 9 0 - Las Vegas 6 |
BOTTOM OF THE 3RD |
Las Vegas Stars batting - Pitching for District 9 Prawns : RHP Ángel Polanco
|
Batting: RHB Ron Shelton
|
0-0: Ball 1-0: Ball 2-0: Ground out 4-3 (Groundball, 4M)
|
Batting: LHB Evan Slootweg
|
0-0: Ball 1-0: Ground out U3 (Groundball, 3)
|
Batting: LHB Ricardo Vargas
|
0-0: Called Strike 0-1: Foul Ball, location: 2F 0-2: Ball 1-2: Ball 2-2: Strikes out swinging
|
Bottom of the 3rd over - 0 run(s), 0 hit(s), 0 error(s), 0 left on base; District 9 0 - Las Vegas 6 |
TOP OF THE 4TH |
District 9 Prawns batting - Pitching for Las Vegas Stars : RHP Thorsten Massuthe
|
Batting: LHB Leland Hardy
|
0-0: Ball 1-0: Called Strike 1-1: Fly out, F8 (Flyball, 8LD)
|
Batting: SHB Erik Thomas
|
0-0: Fly out, F7 (Flyball, 7D)
|
Batting: LHB Brian Roy
|
0-0: Ball 1-0: Fly out, F9 (Line Drive, 9M)
|
Top of the 4th over - 0 run(s), 0 hit(s), 0 error(s), 0 left on base; District 9 0 - Las Vegas 6 |
BOTTOM OF THE 4TH |
Las Vegas Stars batting - Pitching for District 9 Prawns : RHP Ángel Polanco
|
Batting: LHB José Padilla
|
0-0: Swinging Strike 0-1: Ball 1-1: Ball 2-1: Ball 3-1: Called Strike 3-2: Strikes out swinging
|
Batting: RHB Cole Bradley
|
0-0: Ball 1-0: Ball 2-0: Ball 3-0: Called Strike 3-1: Foul Ball, location: 2F 3-2: Base on Balls
|
Batting: RHB Eric McDaniel
|
0-0: Called Strike 0-1: Fly out, F2 (Popup, 2RF)
|
Batting: SHB Santiago Farías
|
0-0: Ball 1-0: Ball 2-0: Called Strike 2-1: Foul Ball, location: 2F 2-2: Strikes out swinging
|
Bottom of the 4th over - 0 run(s), 0 hit(s), 0 error(s), 1 left on base; District 9 0 - Las Vegas 6 |
TOP OF THE 5TH |
District 9 Prawns batting - Pitching for Las Vegas Stars : RHP Thorsten Massuthe
|
Batting: RHB Lateef Makini
|
0-0: SINGLE (Groundball, 6MD)
|
Batting: LHB Jerry Johnston
|
0-0: Ball 1-0: Ball 2-0: Fly out, F7 (Flyball, 7M)
|
Batting: SHB Mark Pope
|
0-0: Grounds into double play, 1-4-3 (Groundball, 15)
|
Top of the 5th over - 0 run(s), 1 hit(s), 0 error(s), 0 left on base; District 9 0 - Las Vegas 6 |
BOTTOM OF THE 5TH |
Las Vegas Stars batting - Pitching for District 9 Prawns : RHP Ángel Polanco
|
Batting: RHB Xin Zhang
|
0-0: Ball 1-0: Ball 2-0: Ball 3-0: Base on Balls
|
Batting: RHB Albert Rodríguez
|
0-0: Foul Ball, location: 2F 0-1: Called Strike 0-2: Foul Ball, location: 2F 0-2: Fly out, F7 (Line Drive, 7LM)
|
Batting: RHB Ron Shelton
|
0-0: Ball 1-0: Called Strike 1-1: Ball Xin Zhang steals 2nd base 2-1: Ground out 4-3 (Groundball, 4) Xin Zhang to third
|
Batting: LHB Evan Slootweg
|
0-0: Called Strike 0-1: Ball 1-1: Swinging Strike 1-2: Strikes out swinging
|
Bottom of the 5th over - 0 run(s), 0 hit(s), 0 error(s), 1 left on base; District 9 0 - Las Vegas 6 |
TOP OF THE 6TH |
District 9 Prawns batting - Pitching for Las Vegas Stars : RHP Thorsten Massuthe
|
Batting: RHB Phil Jacobs
|
0-0: Ground out 1-3 (Groundball, 13)
|
Batting: LHB Enrique Nalasco
|
0-0: Foul Ball, location: 2F 0-1: Fly out, F7 (Flyball, 78D)
|
Batting: LHB José Contreras
|
0-0: Called Strike 0-1: Ball 1-1: Swinging Strike 1-2: Ground out 4-3 (Groundball, 4)
|
Top of the 6th over - 0 run(s), 0 hit(s), 0 error(s), 0 left on base; District 9 0 - Las Vegas 6 |
BOTTOM OF THE 6TH |
Las Vegas Stars batting - Pitching for District 9 Prawns : RHP Ángel Polanco
|
Pitching: RHP Alberto Vega
|
|
Batting: LHB Ricardo Vargas
|
0-0: Foul Ball, location: 2F 0-1: Called Strike 0-2: Ball 1-2: Strikes out swinging
|
Batting: LHB José Padilla
|
0-0: Ball 1-0: Ball 2-0: Called Strike 2-1: Ball 3-1: Foul Ball, location: 2F 3-2: Base on Balls
|
Batting: RHB Cole Bradley
|
0-0: Ball 1-0: Ball 2-0: Ball 3-0: Base on Balls José Padilla to second
|
Batting: RHB Eric McDaniel
|
0-0: Ball Wild Pitch! José Padilla to third Cole Bradley to second 1-0: Ball 2-0: Called Strike 2-1: Ball 3-1: Base on Balls
|
Batting: SHB Santiago Farías
|
0-0: Ball 1-0: SINGLE (Groundball, 56D) José Padilla scores Cole Bradley to third Eric McDaniel to second Runner from 3rd tries for Home, SAFE, throw made home Eric McDaniel to third Santiago Farías to second
|
Batting: RHB Xin Zhang
|
0-0: Called Strike 0-1: Ball 1-1: Ball 2-1: Swinging Strike 2-2: Ball 3-2: Foul Ball, location: 2F 3-2: Strikes out swinging
|
Batting: RHB Albert Rodríguez
|
0-0: Ball 1-0: Ball 2-0: Ball 3-0: Called Strike 3-1: Base on Balls
|
Batting: RHB Ron Shelton
|
0-0: Ball 1-0: Ball 2-0: Foul Ball, location: 2F 2-1: Fly out, F9 (Flyball, 89M)
|
Bottom of the 6th over - 2 run(s), 1 hit(s), 0 error(s), 3 left on base; District 9 0 - Las Vegas 8 |
TOP OF THE 7TH |
District 9 Prawns batting - Pitching for Las Vegas Stars : RHP Thorsten Massuthe
|
Batting: LHB Leland Hardy
|
0-0: Ball 1-0: Foul Ball, location: 2F 1-1: Ball 2-1: SINGLE (Groundball, 5D)
|
Batting: SHB Erik Thomas
|
0-0: Ball 1-0: Fly out, F7 (Flyball, 7LM)
|
Batting: LHB Brian Roy
|
0-0: Swinging Strike 0-1: Foul Ball, location: 2F 0-2: Ball 1-2: Strikes out swinging
|
Batting: RHB Lateef Makini
|
0-0: Ball 1-0: Reached on error, E5 (Groundball, 5L) Leland Hardy to third
|
Batting: LHB Jerry Johnston
|
0-0: Ball 1-0: Swinging Strike 1-1: Foul Ball, location: 2F 1-2: Ball 2-2: Strikes out looking
|
Top of the 7th over - 0 run(s), 1 hit(s), 1 error(s), 2 left on base; District 9 0 - Las Vegas 8 |
BOTTOM OF THE 7TH |
Las Vegas Stars batting - Pitching for District 9 Prawns : RHP Alberto Vega
|
Batting: LHB Evan Slootweg
|
0-0: Ball 1-0: Ground out 3-1 (Groundball, 34)
|
Pitching: RHP Juan Cervantes
|
|
Batting: LHB Ricardo Vargas
|
0-0: Ground out 4-3 (Groundball, 4)
|
Batting: LHB José Padilla
|
0-0: Called Strike 0-1: Ball 1-1: Ball 2-1: Ball 3-1: Base on Balls
|
Batting: RHB Cole Bradley
|
0-0: Called Strike 0-1: Swinging Strike 0-2: Ball 1-2: Ball 2-2: Strikes out swinging
|
Bottom of the 7th over - 0 run(s), 0 hit(s), 0 error(s), 1 left on base; District 9 0 - Las Vegas 8 |
TOP OF THE 8TH |
District 9 Prawns batting - Pitching for Las Vegas Stars : RHP Thorsten Massuthe
|
Batting: SHB Mark Pope
|
0-0: Called Strike 0-1: Ball 1-1: Foul Ball, location: 2F 1-2: Fly out, F7 (Flyball, 78M)
|
Batting: RHB Phil Jacobs
|
0-0: Ball 1-0: Foul Ball, location: 2F 1-1: Ball 2-1: Ball 3-1: Base on Balls
|
Batting: LHB Enrique Nalasco
|
0-0: Ball 1-0: Called Strike 1-1: Ball 2-1: Foul Ball, location: 2F 2-2: Ball 3-2: Foul Ball, location: 2F 3-2: Ground out U3 (Groundball, 3S) Phil Jacobs to second
|
Batting: LHB José Contreras
|
0-0: Foul Ball, location: 2F 0-1: DOUBLE (Line Drive, 9LM) Phil Jacobs scores
|
Pitching: RHP Mike Drader
|
|
Batting: LHB Leland Hardy
|
0-0: Ball 1-0: Ball 2-0: Swinging Strike 2-1: Called Strike 2-2: Ball 3-2: Strikes out swinging
|
Top of the 8th over - 1 run(s), 1 hit(s), 0 error(s), 1 left on base; District 9 1 - Las Vegas 8 |
BOTTOM OF THE 8TH |
Las Vegas Stars batting - Pitching for District 9 Prawns : RHP Juan Cervantes
|
Batting: RHB Eric McDaniel
|
0-0: Ground out 5-3 (Groundball, 6S)
|
Batting: SHB Santiago Farías
|
0-0: Swinging Strike 0-1: Ball 1-1: Ball 2-1: SINGLE (Groundball, 56D)
|
Batting: RHB Xin Zhang
|
0-0: Ball Santiago Farías steals 2nd base 1-0: Ball 2-0: Foul Ball, location: 2F 2-1: Foul Ball, location: 2F 2-2: Ball 3-2: Foul Ball, location: 2F 3-2: Foul Ball, location: 2F 3-2: Ground out 4-3 (Groundball, 4M) Santiago Farías to third
|
Batting: RHB Albert Rodríguez
|
0-0: Called Strike 0-1: Swinging Strike 0-2: Ball 1-2: Ball 2-2: SINGLE (Groundball, 6S) Santiago Farías scores
|
Batting: RHB Ron Shelton
|
0-0: Called Strike 0-1: Ball 1-1: Ball 2-1: Called Strike 2-2: Ball 3-2: Strikes out swinging
|
Bottom of the 8th over - 1 run(s), 2 hit(s), 0 error(s), 1 left on base; District 9 1 - Las Vegas 9 |
TOP OF THE 9TH |
District 9 Prawns batting - Pitching for Las Vegas Stars : RHP Mike Drader
|
Batting: SHB Erik Thomas
|
0-0: Swinging Strike 0-1: Ball 1-1: Called Strike 1-2: Strikes out swinging
|
Pinch Hitting: RHB Cole Ball
|
0-0: Called Strike 0-1: Ball 1-1: SOLO HOME RUN (Line Drive, 7LD), Distance : 410 ft
|
Batting: RHB Lateef Makini
|
0-0: Called Strike 0-1: Ball 1-1: Swinging Strike 1-2: Ball 2-2: Ball 3-2: Foul Ball, location: 2F 3-2: Fly out, F7 (Flyball, 78S)
|
Batting: LHB Jerry Johnston
|
0-0: Foul Ball, location: 2F 0-1: DOUBLE (Groundball, 3L)
|
Pinch Hitting: RHB Alfredo Cortéz
|
0-0: Ball 1-0: Ball 2-0: Foul Ball, location: 2F 2-1: Ball 3-1: Foul Ball, location: 2F 3-2: Strikes out looking
|
Top of the 9th over - 1 run(s), 2 hit(s), 0 error(s), 1 left on base; District 9 2 - Las Vegas 9 |
|